 Dungeon Crawl Stone Soup version 0.24-a0-616-ge2a249a6fd (webtiles) character file.

Game seed: 1079479661534795755, levelgen mode: deterministic

78 Elminster the Digger (level 4, -1/36 HPs)
             Began as a Deep Dwarf Earth Elementalist on Sept 14, 2019.
             Slain by a gnoll
             ... wielding a +0 spear
              (10 damage)
             ... on level 2 of the Dungeon.
             The game lasted 00:12:33 (1006 turns).

Elminster the Digger (DDEE)                         Turns: 1006, Time: 00:12:34

Health: -1/36      AC:  2    Str: 10 (11) XL:     4   Next: 15%
Magic:  0/7        EV: 12    Int: 19 (20) God:
Gold:   119        SH:  0    Dex: 11 (13) Spells: 1/7 levels left

rFire    . . .     SeeInvis .   e - +0 club
rCold    . . .     Gourm    .   (no shield)
rNeg     . . .     Faith    .   c - +0 robe
rPois    .         Spirit   .   (no helmet)
rElec    .         Reflect  .   (no cloak)
rCorr    .         Harm     .   (no gloves)
MR       .....                  (no boots)
Stlth    ++........             (no amulet)
HPRegen  0.00/turn              i - +3 ring of intelligence
MPRegen  0.10/turn              (no ring)

@: non-regenerating
A: damage resistance, heal wounds, sense surroundings 1, no regeneration
a: Heal Wounds


You were on level 2 of the Dungeon.
You were very hungry.

You visited 1 branch of the dungeon, and saw 2 of its levels.

You collected 119 gold pieces.


Innate Abilities, Weirdness & Mutations

You are resistant to damage.
You can heal yourself by infusing magical energy.
You passively map a small area around you.
You do not regenerate.


   Skills:
 - Level 2.3 Dodging
 - Level 2.6 Stealth
 - Level 2.0 Spellcasting
 - Level 1.0 Conjurations
 - Level 0.8 Transmutations
 + Level 6.0 Earth Magic


You had one spell level left.
You knew the following spells:

 Your Spells              Type           Power        Failure   Level  Hunger
a - Sandblast             Erth           ####..       1%          1    #......
z - Stone Arrow           Conj/Erth      ###...       12%         3    ###....
N - Passwall              Tmut/Erth      ###.....     6%          2    ###....

Your spell library contained the following spells:

 Spells                   Type           Power        Failure   Level  Hunger
 Lee's Rapid Deconstruct  Erth           ####......   36%         5    ######.
 Petrify                  Tmut/Erth      ###.....     38%         4    #####..

Inventory:

Hand Weapons
 e - a +0 club (weapon)
Missiles
 b - 26 stones (quivered)
Armour
 c - a +0 robe (worn)
Jewellery
 i - a +3 ring of intelligence (left hand)
Scrolls
 f - 2 scrolls of noise {unknown}
 g - 2 scrolls of fog {unknown}
 h - 2 scrolls of teleportation {unknown}
 j - a scroll of amnesia {unknown}
 k - 2 scrolls of identify {unknown}
 l - 2 scrolls of remove curse {unknown}
Comestibles
 d - 3 rations

Dungeon Overview and Level Annotations

Branches:
Dungeon (2/15)

Altars:
Wu Jian

.#* * * #.#### ##, # # .
#.##PP.## # * ##P# *
#####.#.Pb..#.# # #P.#
,#...#.##..P##.##.# #.P# ##.
###.#.#* ####.... , #..# .#.
#.#.#####hg..* ##.# .#P
#......##hh# * * ** #*# .#.
#.####.##g# ,,, #### . . ###.#
#.##g# ** #.## .#b**#...####..#.#
#.##
.########......###############.##
..........####.....#.............
###.#.#.#.#....###.###########.##
#.#.....#.##.###.# #.#
###.#.....#.#...##.###########.#
.##..........._......##........#
..รท......#.##...#.#.....########


You could see a gnoll, 3 jackals and a hobgoblin.


Message History

The gnoll hits you from afar with a +0 spear.
* * * LOW HITPOINT WARNING * * *
The jackal bites you.
Things that are here:
a +2 whip of flaming a gnoll corpse You aren't carrying any potions.
Okay, then.
You aren't carrying any potions.
Unknown command.
Use which ability? (? or * to list)
Okay, then.
Use which ability? (? or * to list)
The jackal barely misses you.
The gnoll hits you from afar with a +0 spear!
* * * LOW HITPOINT WARNING * * *
The jackal bites you.
You hit the jackal.
You kill the jackal!
The gnoll hits you but does no damage.
The hobgoblin shouts!
The gnoll barely misses you.
Things that are here:
a +2 whip of flaming a jackal corpse a gnoll corpse You hit the gnoll.
The gnoll is lightly wounded.
The gnoll hits you with a +0 spear!
You die...

Action                   |  1- 3 |  4- 6 || total
-------------------------+-------+-------++-------
Melee: Unarmed           |     9 |       ||     9
       Club              |    35 |     2 ||    37
 Cast: Sandblast         |    37 |     1 ||    38
       Stone Arrow       |     8 |       ||     8
       Passwall          |     4 |       ||     4
 Abil: Heal Wounds       |     2 |     1 ||     3
  Use: Potion            |     1 |       ||     1
 Stab: Sleeping          |     3 |       ||     3
  Eat: Chunk             |     1 |       ||     1
Armor: Robe              |    18 |     1 ||    19
Dodge: Dodged            |    58 |     3 ||    61

Levels and vault maps discovered:
D:1:      roderic_crossed_star, layout_rooms, serial_forest,
          infiniplex_forest_straight_3, infiniplex_forest_lined_1,
          infiniplex_forest_end_2, infiniplex_forest_lined_2,
          infiniplex_forest_corner_2, infiniplex_forest_clump_C,
          infiniplex_forest_clump_tiny, minmay_misc_feat_doors,
          dk_noncrumbling_4
D:2:      layout_loops_ring, nicolae_overflow_crystal_walls, serial_aquarium,
          aquarium_bridge_square [aquarium_subvault_balcony,
          aquarium_subvault_bridge, aquarium_subvault_wall,
          aquarium_subvault_balcony], aquarium_window_1, aquarium_window_1,
          aquarium_window_3, aquarium_view_2e, aquarium_view_2a,
          aquarium_balcony_double_1

Notes
Turn   | Place    | Note
-------+----------+-------------------------------------------
     0 | D:1      | Elminster the Deep Dwarf Earth Elementalist began the quest
                  | for the Orb.
     0 | D:1      | Reached XP level 1. HP: 15/15 MP: 3/3
   134 | D:1      | Reached XP level 2. HP: 17/22 MP: 2/4
   217 | D:1      | Reached skill level 5 in Earth Magic
   262 | D:1      | Reached skill level 2 in Spellcasting
   268 | D:1      | Reached XP level 3. HP: 21/28 MP: 0/6
   388 | D:1      | Learned a level 3 spell: Stone Arrow
   602 | D:2      | Learned a level 2 spell: Passwall
   684 | D:2      | Found an ornate altar of the Wu Jian Council.
  1000 | D:2      | Reached skill level 1 in Conjurations
  1000 | D:2      | Reached skill level 6 in Earth Magic
  1000 | D:2      | Reached XP level 4. HP: 5/36 MP: 0/7
  1000 | D:2      | HP: 3/36 [gnoll/+0 spear (2)]
  1006 | D:2      | Slain by a gnoll

Vanquished Creatures
  3 gnolls
  2 dart slugs (D:1)
  A leopard gecko (D:1)
  2 giant cockroaches (D:1)
  6 goblins
  5 hobgoblins
  A jackal (D:2)
  7 kobolds (D:1)
  2 quokkas (D:2)
  A ball python (D:2)
  4 bats
  3 frilled lizards
  6 rats
43 creatures vanquished.
